[Event "*** SCC Grand Prix: Titled Tuesday Blitz"]
[Site "Chess.com"]
[Date "2020.09.08"]
[Round "3"]
[White "wonderfultime"]
[Black "NeverW84M8"]
[Result "0-1"]
[WhiteElo "2916"]
[BlackElo "2476"]
[TimeControl "180+1"]
[EndTime "10:29:55 PDT"]
[Termination "NeverW84M8 won by checkmate"]

1. d4 Nf6 2. Nf3 c5 3. c3 e6 4. Bf4 b6 5. e3 Bb7 6. Bd3 d6 7. O-O Nbd7 8. Qe2 Ne4 9. Bg3 Be7 10. a4 a6 11. Rd1 O-O 12. Qc2 f5 13. Nbd2 Ndf6 14.
Qb3 d5 15. Bf1 c4 16. Qc2 Nxg3 17. hxg3 b5 18. b4 a5 19. axb5 axb4 20. cxb4 Bxb4 21. Ne5 Qb6 22. Rab1 Be7 23. Ndf3 Rfc8 24. Rdc1 Ra3 25. g4 fxg4 26. Ng5 h6 27. Ngf7 Ne4 28. Qe2 h5 29. f3 Nc3 30. Rxc3 Rxc3 31. fxg4 Rf8 32. Nd7 Qc7 33.
Nxf8 Kxf7 34. Qf2+ Bf6 35. Nh7 hxg4 36. b6 Qe7 37. Be2 Kg8 38. Nxf6+ Qxf6 39. Qg3 Qg5 40. Qb8+ Kh7 41. Qh2+ Kg6 42. Qd6 Qxe3+ 43. Kf1 g3 44.
Ke1 Rc2 45. Qe5 Rxe2+ 46. Kd1 Qd2# 0-1

[Event "*** SCC Grand Prix: Titled Tuesday Blitz"]
[Site "Chess.com"]
[Date "2020.09.08"]
[Round "3"]
[White "FontVella8"]
[Black "MattyDPerrine"]
[Result "0-1"]
[WhiteElo "2517"]
[BlackElo "2344"]
[TimeControl "180+1"]
[EndTime "10:29:55 PDT"]
[Termination "MattyDPerrine won on time"]

1. e4 c5 2. Nf3 e6 3. d4 cxd4 4. Nxd4 Nf6 5. Bd3 Nc6 6. Nxc6 bxc6 7. O-O d5 8. Nd2 Be7 9. Kh1 O-O 10. e5 Nd7 11. f4 Nc5 12. Be2 a5 13. Nf3 a4 14.
Be3 Qb6 15. Rb1 Ba6 16. b4 axb3 17. axb3 Bxe2 18. Qxe2 Qa6 19. Qe1 Ne4 20. f5 exf5 21. Nd4 g6 22. Bh6 Rfe8 23. b4 c5 24. bxc5 Bxc5 25.
Nf3 Qc4 26. Qh4 Ra3 27. h3 Rxf3 28. Rxf3 Nf2+ 29. Qxf2 Bxf2 30. Rxf2 Qh4 31. Be3 d4 32. Rf4 Qg3 33. Bd2 Rxe5 34. Rxd4 Re2 35. Rd8+ Kg7 36. Rg1 h5 37. Bb4 g5 38. Bf8+ Kg6 39. Bd6 Qf2 40. Rg8+ Kf6 41. Bb4 Rxc2 42. Bf8 Re2 43. Bg7+ Ke7 44.
Bh6 f6 45. Ra8 Re1 0-1

[Event "*** SCC Grand Prix: Titled Tuesday Blitz"]
[Site "Chess.com"]
[Date "2020.09.08"]
[Round "3"]
[White "CalinGheorghiu"]
[Black "PawnEatingZombie"]
[Result "0-1"]
[WhiteElo "2338"]
[BlackElo "2149"]
[TimeControl "180+1"]
[EndTime "10:29:55 PDT"]
[Termination "PawnEatingZombie won on time"]

1. e4 c6 2. d4 d5 3. Nc3 dxe4 4.
Nxe4 Bf5 5. Ng3 Bg6 6. Nf3 Nd7 7.
h4 h6 8. Bd3 Bxd3 9. Qxd3 e6 10. Bd2 Ngf6 11. O-O-O Be7 12. h5 Qb6 13. Ne5 Rd8 14. Nc4 Qc7 15. f4 O-O 16. Qf3 c5 17.
Bc3 Nd5 18. f5 Bg5+ 19. Bd2 Bxd2+ 20. Rxd2 cxd4 21. Rxd4 b5 22. Nd2 Ne5 23. Qe2 Rc8 24. Nb3 Nc6 25. Rg4 Ncb4 26. Kb1 Qxc2+ 27. Qxc2 Nxc2 28.
Rc1 Nce3 29. Rxc8 Rxc8 30. Re4 Nxg2 31. fxe6 fxe6 32. Rxe6 Ngf4 33. Ra6 Re8 34. Rxa7 Re1+ 35. Kc2 Rg1 36. Nf5 Nxh5 37. Nbd4 Rg2+ 38. Kb3 Nhf4 39. Nxb5 h5 40. Nbd4 Nd3 41. a4 g5 42. Rg7+ Kh8 43. Ne6 h4 0-1

[Event "*** SCC Grand Prix: Titled Tuesday Blitz"]
[Site "Chess.com"]
[Date "2020.09.08"]
[Round "3"]
[White "AntonovaNadezhda"]
[Black "northridgehawk"]
[Result "0-1"]
[WhiteElo "2045"]
[BlackElo "2314"]
[TimeControl "180+1"]
[EndTime "10:29:55 PDT"]
[Termination "northridgehawk won on time"]

1. d4 Nf6 2. Nf3 g6 3. g3 Bg7 4. b3 O-O 5. Bb2 d5 6. Bg2 c6 7. O-O a5 8. c4 Nbd7 9. Nc3 a4 10. Nxa4 dxc4 11. bxc4 Qa5 12. Nc3 Nb6 13. Qb3 Be6 14.
Nd2 Nxc4 15. Nxc4 b5 16. Bxc6 Bxc4 17. Qc2 Rac8 18. Bg2 Nd7 19. Qd2 Rfd8 20. Rfd1 Nc5 21. d5 Rd7 22. Qe3 b4 23. Rd4 bxc3 24. Bxc3 Qa4 25.
Bh3 f5 26. f4 Rxd5 27. Rxd5 Bxd5 28. Bxg7 Kxg7 29. g4 Qe4 30. Qc3+ e5 31. Qxe5+ Qxe5 32. fxe5 fxg4 33. Bxg4 Re8 34. Rc1 Ne6 35. Rd1 Bxa2 36. Rd7+ Kh6 37. Ra7 Bd5 38. Kf2 Kg5 39. Bxe6 Bxe6 40.
Rxh7 Bf5 41. h4+ Kf4 42. h5 g5 43. Rf7 Rxe5 44. h6 Kg4 45. h7 Re8 46. Rg7 Rh8 47.
e4 Bxe4 48. Re7 Bxh7 0-1

[Event "*** SCC Grand Prix: Titled Tuesday Blitz"]
[Site "Chess.com"]
[Date "2020.09.08"]
[Round "3"]
[White "Zemerovv"]
[Black "WiktoriaPOL"]
[Result "1-0"]
[WhiteElo "2292"]
[BlackElo "1956"]
[TimeControl "180+1"]
[EndTime "10:29:56 PDT"]
[Termination "Zemerovv won by resignation"]

1. Nf3 c5 2. c4 d6 3. Nc3 e5 4. e3 Be6 5. d4 cxd4 6. exd4 Nd7 7. Qa4 Qc7 8. Nd5 Bxd5 9. cxd5 e4 10. Ng5 Nf6 11. Be3 h6 12. Rc1 Qb6 13. Ne6 Nxd5 14. Bb5 fxe6 15. Bxd7+ Ke7 16. Bb5 a6 17. Bc4 Qb4+ 18.
Qxb4 Nxb4 19. a3 Nc6 20. d5 exd5 21. Bxd5 Rc8 22. Bxe4 g5 23. O-O Bg7 24. Rc2 Ne5 25.
Rxc8 Rxc8 26. Bxb7 Rb8 27. Bxa6 Rxb2 28. a4 Ra2 29.
Bb5 Ng4 30. Bb6 Bc3 31. h3 Ne5 32. Rc1 Bd2 33. Rc7+ Ke6 34. Bd4 Bf4 35. Bxe5 Bxe5 36. Bc4+ d5 37. Bxa2 Bxc7 38. Kf1 Ba5 39. Ke2 Ke5 40. Kd3 d4 41. Kc4 Ke4 42. Bb1+ Ke5 43. Bd3 Bc3 44. Kb5 Be1 45. a5 Bxf2 46. a6 Be1 47. a7 1-0

[Event "*** SCC Grand Prix: Titled Tuesday Blitz"]
[Site "Chess.com"]
[Date "2020.09.08"]
[Round "3"]
[White "Jospem"]
[Black "Violord"]
[Result "1-0"]
[WhiteElo "2936"]
[BlackElo "2675"]
[TimeControl "180+1"]
[EndTime "10:29:57 PDT"]
[Termination "Jospem won by checkmate"]

1. e4 e5 2. Nf3 Nc6 3. Bb5 Nf6 4. d3 d6 5. c3 Bd7 6. Nbd2 g6 7. O-O Bg7 8. Re1 O-O 9. h3 Kh8 10. Nf1 Nh5 11. d4 Nxd4 12. Nxd4 exd4 13. Bxd7 Qxd7 14. cxd4 Rae8 15. g4 Nf6 16. f3 c5 17.
d5 Qd8 18. Bg5 Qb6 19. Qd2 Nd7 20. Rab1 Ne5 21. Kg2 f5 22. f4 Nf7 23. exf5 Rxe1 24. Rxe1 gxf5 25. Be7 Rg8 26. Ng3 fxg4 27. hxg4 Qxb2 28.
Qxb2 Bxb2 29. Rb1 Bd4 30. Rxb7 Rxg4 31. Kf3 Rg8 32. Nf5 Re8 33. Rxa7 Kg8 34. a4 Bc3 35. a5 c4 36. a6 Bb4 37. Rc7 Bc5 38. Bf6 h5 39. Ne7+ Kh7 40. a7 Ra8 41. Nc6 Kg6 42. Bd4 c3 43. Bxc3 Nh6 44. Ne7+ Kh7 45. Nf5+ Kg6 46.
Nh4# 1-0

[Event "*** SCC Grand Prix: Titled Tuesday Blitz"]
[Site "Chess.com"]
[Date "2020.09.08"]
[Round "3"]
[White "tylityli"]
[Black "adiosabu"]
[Result "0-1"]
[WhiteElo "2238"]
[BlackElo "2500"]
[TimeControl "180+1"]
[EndTime "10:29:58 PDT"]
[Termination "adiosabu won by resignation"]

1. d4 d5 2. c4 e6 3. Nc3 Nf6 4.
cxd5 exd5 5. Bg5 Be7 6. e3 c6 7. Bd3 Nbd7 8. Nge2 h6 9. Bh4 Nh5 10. Bxe7 Qxe7 11. g4 Nhf6 12. h3 Nb6 13. Qc2 Be6 14. O-O-O O-O-O 15. Nf4 Kb8 16. Kb1 Bc8 17.
Qb3 h5 18. g5 Ne4 19. Bxe4 dxe4 20. h4 Bf5 21. a4 f6 22. a5 Nd5 23. Nfxd5 cxd5 24. Rdg1 fxg5 25. Rxg5 g6 26. a6 Rd6 27. axb7 Qxb7 28. Qxb7+ Kxb7 29. Kc2 Rc8 30. Ra1 Kb6 31. Kb3 Rd7 32. Na4+ Kb5 33. Nc5 Rxc5 34. dxc5 Kxc5 35. Rc1+ Kd6 36. Rcg1 d4 37. exd4 Kd5 38. Rxf5+ gxf5 39. Rg5 Rf7 40. Rxh5 Kxd4 41. Rh8 Kd3 42. h5 f4 43. h6 Ke2 44. Re8 e3 45. fxe3 f3 46. Rg8 f2 47.
Rg2 Kxe3 48. Rg3+ Ke2 49. Rh3 f1=Q 50. h7 Qxh3+ 0-1

[Event "*** SCC Grand Prix: Titled Tuesday Blitz"]
[Site "Chess.com"]
[Date "2020.09.08"]
[Round "3"]
[White "MarkoPe"]
[Black "MF1966Idrisov"]
[Result "0-1"]
[WhiteElo "2170"]
[BlackElo "2399"]
[TimeControl "180+1"]
[EndTime "10:29:58 PDT"]
[Termination "MF1966Idrisov won on time"]

1. e4 d5 2. exd5 Qxd5 3. Nc3 Qd6 4. d4 Nf6 5. Nf3 a6 6. Bg5 Bg4 7. Qd2 Bxf3 8. gxf3 e6 9. O-O-O Be7 10. Ne4 Nxe4 11. fxe4 Nd7 12. Bxe7 Qxe7 13. f3 O-O-O 14. Rg1 g6 15. Kb1 Kb8 16. Qc3 Nb6 17. Be2 Rd7 18. Qb3 Rhd8 19. c3 Qh4 20. a4 Ka7 21. a5 Nc8 22.
Qc2 Qh5 23. b4 Nd6 24. f4 Qxh2 25. Rdf1 h5 26. Rh1 Qg2 27. Bf3 Qxc2+ 28. Kxc2 b5 29. Kd3 Nc4 30. Ke2 Rh8 31. f5 exf5 32. exf5 Re8+ 33.
Kf2 Nd2 34. Re1 Rde7 35. Rxe7 Rxe7 36. fxg6 fxg6 37. Bg2 Ne4+ 38. Kf3 Nxc3 39. Rc1 Na2 40. Rc6 g5 41. Rh6 Nxb4 42. Rxh5 Rg7 43. Kg4 Nc2 44. d5 Ne3+ 45. Kg3 Nxg2 46. Kxg2 g4 47. Kg3 Kb7 48. Rh6 Rd7 49. Kxg4 Rxd5 50. Kf4 Rd4+ 51. Ke5 Ra4 52. Kd5 Rxa5 53. Kc5 Ra4 0-1

[Event "*** SCC Grand Prix: Titled Tuesday Blitz"]
[Site "Chess.com"]
[Date "2020.09.08"]
[Round "3"]
[White "reniite"]
[Black "VladimirBugayev"]
[Result "0-1"]
[WhiteElo "1890"]
[BlackElo "2278"]
[TimeControl "180+1"]
[EndTime "10:29:58 PDT"]
[Termination "VladimirBugayev won by resignation"]

1. e4 c6 2. d4 d5 3. Nc3 dxe4 4. Nxe4 Nf6 5. Nxf6+ exf6 6. c3 Bd6 7. Bd3 O-O 8. Qc2 h5 9. Ne2 h4 10. h3 Qc7 11. Be3 Be6 12. Bh7+ Kh8 13. Qe4 g5 14. Bf5 Re8 15. Bxe6 fxe6 16. Qg4 Qh7 17. g3 Nd7 18. O-O-O Nf8 19. f4 Qf5 20. fxg5 fxg5 21. Qh5+ Nh7 22.
gxh4 Qe4 23. Bxg5 Rf8 24. Rhe1 Rf2 25. Bd2 Raf8 26. Nf4 Qf5 27. Ng6+ Kg7 28. Qxf5 R8xf5 29. Rg1 Bh2 30. Ne7+ Bxg1 31. Nxf5+ exf5 32. Rxg1+ Kf6 33. Re1 f4 34. Kd1 Kf5 35. Rg1 Nf6 36. Ke1 Ne4 37. h5 Rxd2 38. h6 f3 39. Rf1 Re2+ 40. Kd1 Nf2+ 41.
Kc1 Nd3+ 42. Kd1 Nxb2+ 43. Kc1 Nd3+ 44. Kd1 Kf4 45. h7 Re8 46. Kd2 Nb2 47. Kc2 Nc4 48. Kd3 Ne3 49. Re1 f2 50. Rxe3 f1=Q+ 51. Kc2 Qf2+ 52.
Kb3 Qxe3 0-1

[Event "*** SCC Grand Prix: Titled Tuesday Blitz"]
[Site "Chess.com"]
[Date "2020.09.08"]
[Round "3"]
[White "bascheyaro"]
[Black "KonstantinB_1983"]
[Result "1-0"]
[WhiteElo "2743"]
[BlackElo "2514"]
[TimeControl "180+1"]
[EndTime "10:29:59 PDT"]
[Termination "bascheyaro won by resignation"]

1. d4 d5 2. Bf4 c6 3. e3 Bf5 4. Nf3 e6 5. Ne5 Nd7 6. g4 Bg6 7. h4 Nxe5 8. Bxe5 h5 9. g5 Qb6 10.
Qc1 Ne7 11. Nc3 Bf5 12. Ne2 Ng6 13. Bg3 Be4 14. Rh2 c5 15. c3 Rc8 16. Nf4 Be7 17. Bd3 Bxd3 18. Nxd3 c4 19. Ne5 Nxe5 20. Bxe5 f6 21. Bf4 Bd6 22. Qc2 Kf7 23. Rg2 Bxf4 24. gxf6 gxf6 25. Qg6+ Ke7 26. Qg7+ Kd6 27. O-O-O Rhg8 28.
Qxg8 Rxg8 29. Rxg8 Bh6 30. Rdg1 Qc7 31. Rh8 Qa5 32.
Kb1 Bxe3 33. fxe3 b5 34. a3 Qc7 35. Rxh5 a5 36. Rh6 Qf7 37. Rgg6 Ke7 38. h5 a4 39. Ka2 f5 40. Kb1 Kd7 41. Kc2 Ke7 42. Kd2 f4 43.
Rxe6+ Kd7 44. Rd6+ Kc7 45. Rc6+ Kb7 46. Rb6+ Kc7 47. Rhc6+ Kd7 48. Rb7+ Kxc6 49. Rxf7 b4 50. Rxf4 1-0

[Event "*** SCC Grand Prix: Titled Tuesday Blitz"]
[Site "Chess.com"]
[Date "2020.09.08"]
[Round "3"]
[White "abykhovsky"]
[Black "LPSupi"]
[Result "1-0"]
[WhiteElo "2648"]
[BlackElo "2854"]
[TimeControl "180+1"]
[EndTime "10:30:00 PDT"]
[Termination "abykhovsky won on time"]

1. Nf3 d5 2. g3 Nd7 3. Bg2 e5 4.
O-O Ngf6 5. d3 c6 6. c4 dxc4 7. dxc4 Bc5 8. Nc3 Qe7 9. b3 O-O 10. Qc2 Re8 11. Bb2 e4 12. Ng5 e3 13. f4 Nf8 14.
Rad1 Ng4 15. Nce4 Nf2 16. Rc1 Bf5 17. Qc3 f6 18. Nxc5 Qxc5 19. Nf3 Rad8 20. b4 Qe7 21.
Nd4 Bg4 22. Rfe1 h5 23. h4 Qf7 24. c5 Qg6 25. Kh2 Bf5 26. Nxf5 Qxf5 27. b5 Rd2 28. bxc6 bxc6 29. Qb3+ Kh7 30. Bc3 Ng6 31. Qb1 Qxb1 32. Rxb1 Rxa2 33. Bxc6 Rc8 34. Bd5 Ra3 35. Bb4 Ra4 36.
Bb7 Rc7 37. c6 Ne4 38. Red1 a5 39. Rd7 Rxb4 40. Rxb4 axb4 41. Rxc7 b3 42. Ba6 Nc5 43. Bc4 b2 44. Ba2 Nf8 45. Rb7 Nfe6 46. Rxb2 Nc7 47. Bc4 1-0

[Event "*** SCC Grand Prix: Titled Tuesday Blitz"]
[Site "Chess.com"]
[Date "2020.09.08"]
[Round "3"]
[White "dosto07"]
[Black "tmr88"]
[Result "1-0"]
[WhiteElo "2325"]
[BlackElo "2050"]
[TimeControl "180+1"]
[EndTime "10:30:00 PDT"]
[Termination "dosto07 won on time"]

1. e4 e5 2. Nf3 Nc6 3. Bb5 a6 4.
Bxc6 dxc6 5. O-O Bg4 6. h3 h5 7. d3 Qf6 8. Be3 Bxf3 9. Qxf3 Qxf3 10. gxf3 Ne7 11. Nd2 Ng6 12. Rfd1 O-O-O 13. Kf1 Bb4 14. c3 Be7 15. Ke2 Rd7 16. a4 Rhd8 17. Nc4 b6 18. d4 Nf4+ 19. Bxf4 exf4 20. Ne5 Bh4 21. Nxd7 Kxd7 22. d5 c5 23. Rg1 g6 24. Rab1 a5 25. b4 cxb4 26. cxb4 axb4 27. Rxb4 Ra8 28. Rc4 Be7 29. Kd3 Bc5 30. Rgc1 Ra7 31. e5 Bxf2 32. Ke4 Be3 33. Rd1 Ra5 34. Rd3 Ra7 35. Rdc3 Kd8 36.
Ra3 Kd7 37. Rc6 Ra5 38. e6+ fxe6 39. Rxe6 g5 40. Rh6 b5 41. Ke5 h4 42. Rh7+ Kc8 43.
Rc3 Bb6 44. axb5 Rxb5 45. Ke6 Rb2 46. Rc6 Re2+ 47. Kf5 Kb7 48. Re6 Rh2 49. Kxg5 Rxh3 50. Kxf4 Bc5 51. Kg4 1-0

[Event "*** SCC Grand Prix: Titled Tuesday Blitz"]
[Site "Chess.com"]
[Date "2020.09.08"]
[Round "3"]
[White "nau64"]
[Black "romulocardoso"]
[Result "1/2-1/2"]
[WhiteElo "2302"]
[BlackElo "2037"]
[TimeControl "180+1"]
[EndTime "10:30:00 PDT"]
[Termination "Game drawn - insufficient material"]

1. d4 Nf6 2. c4 e6 3. Nc3 Bb4 4. Nf3 O-O 5. Bg5 b6 6. e3 Bb7 7. Bd3 d5 8. O-O Nbd7 9. Rc1 Be7 10. cxd5 exd5 11. h3 Ne4 12. Bxe7 Qxe7 13. Bxe4 dxe4 14. Nd2 f5 15. Qb3+ Kh8 16. Nd5 Bxd5 17. Qxd5 c5 18.
Nb3 f4 19. exf4 Nf6 20. Qe5 Qxe5 21. fxe5 Nd7 22. e6 Nf6 23. dxc5 Rfe8 24. Nd4 Rad8 25. Rfd1 bxc5 26. Rxc5 Rxe6 27. Nxe6 Rxd1+ 28. Kh2 h5 29.
Nf4 Rd2 30. Nxh5 Rxf2 31. Nxf6 gxf6 32. Ra5 Rxb2 33. Kg3 e3 34. Rxa7 f5 35. Kf3 e2 36.
Kf2 f4 37. Re7 e1=R+ 38. Kxe1 Rxg2 39. a4 Rg3 40. Re4 Rxh3 41. Rxf4 Rh2 42. Kd1 Kg7 43. Kc1 Kg6 44. Kb1 Kg5 45. Rb4 Kf5 46. Rb2 Rh4 47.
Ra2 Ke6 48. a5 Kd6 49. a6 Rh8 50. a7 Ra8 51. Kb2 Kc7 52. Kb3 Kb7 53. Kb4 Rxa7 54. Rxa7+ Kxa7 1/2-1/2

[Event "*** SCC Grand Prix: Titled Tuesday Blitz"]
[Site "Chess.com"]
[Date "2020.09.08"]
[Round "3"]
[White "kot60"]
[Black "vovachesss"]
[Result "0-1"]
[WhiteElo "2410"]
[BlackElo "2679"]
[TimeControl "180+1"]
[EndTime "10:30:01 PDT"]
[Termination "vovachesss won on time"]

1. e4 c6 2. d4 d5 3. f3 g6 4. c3 Bg7 5. Be3 Nd7 6. e5 h5 7. Be2 Nh6 8. g4 hxg4 9. fxg4 f6 10. exf6 exf6 11. Nh3 Nf8 12. Nf2 Be6 13. Nd2 Qd7 14.
Nb3 b6 15. h3 Nf7 16. Qd2 Nd6 17. O-O-O a5 18. Kb1 a4 19. Nc1 f5 20. gxf5 Bxf5+ 21. Bd3 Ne6 22. Rhe1 b5 23. Bf4 O-O 24. Bxd6 Qxd6 25.
Ng4 a3 26. b3 b4 27. Bxf5 gxf5 28. Ne5 bxc3 29. Qxc3 Rae8 30. Ncd3 c5 31. dxc5 Qc7 32. c6 f4 33. Qb4 f3 34. Qb7 Qd6 35. Qd7 Rd8 36.
Qxd6 Rxd6 37. c7 Nxc7 38. Rf1 Nb5 39. Kc2 Re6 40. Rde1 Rc8+ 41. Kd2 Bh6+ 42. Nf4 Rf6 43. Nd3 Bxf4+ 44. Nxf4 Rxf4 45. Re3 Rcf8 46. Rf2 Nd4 47. Rd3 Ne6 0-1

[Event "*** SCC Grand Prix: Titled Tuesday Blitz"]
[Site "Chess.com"]
[Date "2020.09.08"]
[Round "3"]
[White "Sergey85Rodchenkov"]
[Black "mmaks007"]
[Result "1-0"]
[WhiteElo "2500"]
[BlackElo "2238"]
[TimeControl "180+1"]
[EndTime "10:30:01 PDT"]
[Termination "Sergey85Rodchenkov won by checkmate"]

1. e4 g6 2. d4 Bg7 3. Nf3 d6 4. c3 Nf6 5. Bd3 O-O 6. O-O Nc6 7. Re1 Bg4 8. Nbd2 e5 9. h3 Bxf3 10. Nxf3 Nd7 11. dxe5 Ncxe5 12. Nxe5 Nxe5 13. Bc2 Qe7 14. f4 Nc6 15. Be3 Na5 16. Qd5 Nc6 17. Rad1 Kh8 18.
Bc1 Qe6 19. Bb3 Qxd5 20. exd5 Na5 21. Bc2 Rae8 22. Kf2 Kg8 23. Bd3 c5 24. dxc6 Nxc6 25. Be4 Rd8 26. Bd5 Bf6 27. Be3 a6 28. Bb6 Rd7 29.
Kf3 Bd8 30. Bf2 Kg7 31. g4 f5 32. g5 Re7 33. Bxc6 bxc6 34. Rxd6 Rxe1 35. Bxe1 Be7 36. Rxc6 Rb8 37. b3 a5 38. c4 a4 39. Bc3+ Kf8 40.
bxa4 Rb1 41. Ke2 Rh1 42. Be5 Rh2+ 43. Kd3 Rxa2 44. Ra6 Ra3+ 45. Kd4 Kf7 46. Ra7 Ke6 47.
Ra6+ Kf7 48. Kd5 Ra2 49. Ra7 Ke8 50. Ke6 Bd8 51. Rxh7 Rxa4 52. Rh8# 1-0

[Event "*** SCC Grand Prix: Titled Tuesday Blitz"]
[Site "Chess.com"]
[Date "2020.09.08"]
[Round "3"]
[White "francyIM"]
[Black "valeriocarnicelli"]
[Result "1-0"]
[WhiteElo "2710"]
[BlackElo "2477"]
[TimeControl "180+1"]
[EndTime "10:30:02 PDT"]
[Termination "francyIM won by resignation"]

1. d4 d5 2. c4 c6 3. Nf3 Nf6 4. e3 e6 5. Nbd2 Nbd7 6. b3 Ne4 7. Bd3 f5 8. O-O Bd6 9. Bb2 O-O 10. Ne5 Rf6 11. f3 Nxd2 12. Qxd2 Rh6 13. cxd5 exd5 14. Qc2 Qg5 15. f4 Qh5 16. h3 Nf6 17. Rf3 Ne4 18. Bxe4 fxe4 19. Rg3 Qe8 20. Qf2 Bxe5 21. dxe5 Rg6 22.
Rf1 Bf5 23. Kh2 h5 24. Rxg6 Qxg6 25. Qh4 Kf7 26. Rg1 Qh7 27. g4 hxg4 28. Qxh7 Bxh7 29. hxg4 Rc8 30. Kg3 c5 31. f5 c4 32. e6+ Kf8 33. Bd4 cxb3 34. axb3 a6 35. Kf4 b5 36. Rh1 Bg8 37. Ke5 a5 38. Ra1 Ra8 39. g5 a4 40.
b4 a3 41. f6 gxf6+ 42. gxf6 a2 43. Bc5+ Ke8 44. Kxd5 Ra6 45. f7+ Bxf7 46. exf7+ Kxf7 47.
Kxe4 Ke6 48. Kd3 Ra3+ 49. Kc2 Kd5 50. Kb2 Rd3 51. Rxa2 Kc4 52. Kc1 Kb3 53. Rb2+ Kc3 54. Rc2+ Kb3 55. Rd2 Rc3+ 56. Kd1 Rc4 57. Ke2 Kc3 58.
Rd4 1-0

[Event "*** SCC Grand Prix: Titled Tuesday Blitz"]
[Site "Chess.com"]
[Date "2020.09.08"]
[Round "3"]
[White "THE_PLAYER6"]
[Black "BillieKimbah"]
[Result "0-1"]
[WhiteElo "2458"]
[BlackElo "2907"]
[TimeControl "180+1"]
[EndTime "10:30:02 PDT"]
[Termination "BillieKimbah won on time"]

1. c4 Nf6 2. Nc3 g6 3. e4 d6 4. d4 Bg7 5. h3 O-O 6. Bg5 Na6 7.
Nf3 e5 8. d5 h6 9. Be3 Nc5 10.
Nd2 a5 11. g4 c6 12. Be2 Nfd7 13. h4 a4 14. Qc2 Qa5 15. h5 f5 16. gxf5 gxf5 17. exf5 a3 18. b4 Qxb4 19. Rb1 Qa5 20. Rg1 Kh8 21. f6 Rxf6 22. Kf1 Nf8 23. Nde4 Bh3+ 24.
Rg2 Nxe4 25. Nxe4 Qc7 26. Nxf6 Bxf6 27. Bxh6 cxd5 28. Bxf8 Rxf8 29. Qg6 Bxg2+ 30. Qxg2 Rg8 31. Qxd5 Qg7 32. Ke1 Bh4 33. Rxb7 Qg1+ 34. Kd2 Qxf2 35. Qe4 Qf4+ 36. Qxf4 exf4 37. h6 Rg2 38. Kd3 Rg3+ 39. Kd2 f3 40. Bf1 Bg5+ 41. Ke1 Be3 42. Re7 Bc5 43.
Bd3 f2+ 44. Ke2 Rxd3 45. Rf7 Rc3 0-1

[Event "*** SCC Grand Prix: Titled Tuesday Blitz"]
[Site "Chess.com"]
[Date "2020.09.08"]
[Round "3"]
[White "wadsy27"]
[Black "dpopadic"]
[Result "1-0"]
[WhiteElo "2554"]
[BlackElo "2350"]
[TimeControl "180+1"]
[EndTime "10:30:02 PDT"]
[Termination "wadsy27 won on time"]

1. c4 Nf6 2. g3 g6 3. Bg2 Bg7 4. Nf3 d6 5. O-O O-O 6. Nc3 e5 7. Rb1 Re8 8. b4 h5 9. d3 e4 10.
dxe4 Nxe4 11. Nxe4 Rxe4 12. c5 Re8 13. cxd6 cxd6 14.
Bf4 Bf5 15. Rb3 Nc6 16. Qd2 d5 17. Rd1 Be4 18. Bh6 Qf6 19. Bxg7 Kxg7 20. b5 Ne7 21. Nd4 Bxg2 22. Kxg2 Rac8 23. Rf3 Qe5 24. Re3 Qf6 25. Qa5 Qb6 26. Qb4 Qc5 27. Qxc5 Rxc5 28. a4 Kf8 29.
Nb3 Rc4 30. Na5 Rxa4 31. Nxb7 Rc8 32. Rf3 Rb4 33. Nd6 Rc7 34. Rxf7+ Kg8 35. Rd3 Rd7 36. Rf6 Kg7 37. Ne8+ Kh6 38. Rf8 Nf5 39. Rh8+ Rh7 40. Rxh7+ Kxh7 41. Rxd5 Rb2 42. Re5 Kh6 43. h3 1-0

[Event "*** SCC Grand Prix: Titled Tuesday Blitz"]
[Site "Chess.com"]
[Date "2020.09.08"]
[Round "3"]
[White "maximnovik"]
[Black "Abdimalik_Abdisalimov"]
[Result "1-0"]
[WhiteElo "2518"]
[BlackElo "2745"]
[TimeControl "180+1"]
[EndTime "10:30:03 PDT"]
[Termination "maximnovik won on time"]

1. c4 g6 2. Nc3 Bg7 3. d4 d6 4. g3 Nf6 5. Bg2 O-O 6. Nf3 Nc6 7. O-O e5 8. d5 Nb8 9. e4 a5 10. Rb1 Na6 11. Be3 Ng4 12. Bg5 f6 13. Bd2 f5 14.
Ng5 Nc5 15. exf5 gxf5 16. h3 Nf6 17. Be3 h6 18. Bxc5 hxg5 19. Be3 f4 20. Bd2 Bf5 21. Qe2 Qd7 22. g4 Bxb1 23. Rxb1 e4 24. Nxe4 Rae8 25. Qd3 Nxe4 26. Bxe4 Be5 27. f3 b6 28. Kg2 Kg7 29. b3 Qe7 30. Rh1 Rh8 31. Be1 Qf6 32.
Bf2 Rh6 33. a3 Reh8 34. b4 axb4 35. axb4 Ra8 36. c5 bxc5 37. bxc5 Ra2 38. Re1 Bd4 39.
Re2 Rxe2 40. Qxe2 Bxc5 41. Bxc5 dxc5 42. Qb5 Qe7 43. Qb2+ Kf7 44. Bf5 Rb6 45. Be6+ Rxe6 46. dxe6+ Qxe6 47. h4 gxh4 48. Kh3 c4 49. Qd4 Ke8 50.
Qxf4 1-0

[Event "*** SCC Grand Prix: Titled Tuesday Blitz"]
[Site "Chess.com"]
[Date "2020.09.08"]
[Round "3"]
[White "Hasangatin_Ramil"]
[Black "gui_borba"]
[Result "1/2-1/2"]
[WhiteElo "2581"]
[BlackElo "2393"]
[TimeControl "180+1"]
[EndTime "10:30:04 PDT"]
[Termination "Game drawn - insufficient material"]

1. e4 c6 2. d4 d5 3. Nd2 dxe4 4. Nxe4 Nf6 5. Nxf6+ exf6 6. c3 Bd6 7. Bd3 O-O 8.
Qc2 Re8+ 9. Ne2 h5 10. O-O Nd7 11. h3 h4 12. Re1 Nf8 13. Be3 Be6 14. Bf4 Qc7 15.
Bxd6 Qxd6 16. Qd2 Ng6 17. Bxg6 fxg6 18. Qf4 Qxf4 19. Nxf4 Bf7 20. a3 Kf8 21. Nd3 b6 22. Rxe8+ Rxe8 23. Re1 Rxe1+ 24. Nxe1 Bc4 25. Nf3 g5 26.
Nd2 Bd5 27. c4 Be6 28. Kf1 Ke7 29. Ke2 a5 30. b4 axb4 31. axb4 b5 32. d5 Bd7 33.
cxb5 cxb5 34. Ke3 Kd6 35. Kd4 g4 36. Ne4+ Kc7 37. hxg4 Bxg4 38. Kc5 Bd7 39. Nc3 g5 40. Kd4 g4 41. Ne4 h3 42. gxh3 gxh3 43. Ke3 h2 44.
Ng3 Kd6 45. Kf3 Kxd5 46. Kg2 Kc4 47. Kxh2 Kxb4 48. Kg2 Kc4 49. Kf3 b4 50. Ke2 Kb3 51. Ne4 Ka2 52. Nxf6 Bc6 53. Ng4 b3 54. Ne3 b2 55.
Nd1 Bb5+ 56. Kd2 b1=Q 57. Nc3+ Kb2 58. Nxb1 Kxb1 59. Ke3 Bd7 60. f4 Kc2 61. f5 Bxf5 1/2-1/2

[Event "*** SCC Grand Prix: Titled Tuesday Blitz"]
[Site "Chess.com"]
[Date "2020.09.08"]
[Round "3"]
[White "SaraciNderim"]
[Black "Andrii_Prydun"]
[Result "1-0"]
[WhiteElo "2668"]
[BlackElo "2407"]
[TimeControl "180+1"]
[EndTime "10:30:05 PDT"]
[Termination "SaraciNderim won on time"]

1. d4 d5 2. Nf3 c6 3. Bf4 Nf6 4. e3 e6 5. c4 Nbd7 6. Nc3 Be7 7. h3 O-O 8. Bd3 b6 9. O-O Bb7 10. Rc1 c5 11. cxd5 Nxd5 12. Nxd5 Bxd5 13. b3 cxd4 14. exd4 Rc8 15. Qe2 Ba3 16. Rc2 Rxc2 17. Bxc2 h6 18. Bd3 Qa8 19. Bc1 Bd6 20. Be3 Bxf3 21. Qxf3 Qxf3 22.
gxf3 Rc8 23. Bc4 Nf6 24. a4 Nd5 25. Rc1 Kf8 26. Kf1 Ke7 27. Ke2 Kf6 28. Kd3 g5 29. Rh1 Nf4+ 30. Kd2 Ng6 31. Ke2 Bf4 32. Kd3 Kf5 33.
Ke2 Rc7 34. Bd3+ Kf6 35. Bxg6 Bxe3 36. fxe3 Kxg6 37. Kd3 Kh5 38. e4 Kh4 39. d5 exd5 40. exd5 Kg3 41. Kd4 Kxf3 42. d6 Rd7 43. Ke5 Kg2 44. Rc1 Kxh3 45. Rc7 Rd8 46. Rxf7 g4 47. Rh7 g3 48. Rxh6+ Kg2 49. Ke6 Rg8 50. d7 Kf2 51. Rf6+ Ke1 52. Kf7 Rd8 53. Ke7 g2 54. Rg6 Rxd7+ 55.
Kxd7 Kf2 56. Kc6 1-0

[Event "*** SCC Grand Prix: Titled Tuesday Blitz"]
[Site "Chess.com"]
[Date "2020.09.08"]
[Round "3"]
[White "mr_gustavo"]
[Black "Carnivoras"]
[Result "0-1"]
[WhiteElo "2260"]
[BlackElo "2642"]
[TimeControl "180+1"]
[EndTime "10:30:06 PDT"]
[Termination "Carnivoras won on time"]

1. d4 d5 2. c4 c6 3. cxd5 cxd5 4. Bf4 Nf6 5. Nc3 Nc6 6. e3 e6 7. Bd3 Bd6 8. Bxd6 Qxd6 9. Nf3 O-O 10. O-O a6 11. a3 b5 12. Rc1 Bb7 13. Bb1 Rfc8 14.
Qd3 Na5 15. Ne5 Nc4 16. Nxc4 bxc4 17. Qe2 Rab8 18. Rfd1 Ba8 19. Rd2 e5 20. dxe5 Qxe5 21. Rd4 Re8 22. Qd2 Rb6 23. Na4 Rd6 24. Nc5 Rc8 25. b4 Nd7 26. Nd3 Qe8 27. Nf4 Nb6 28.
Qc2 g6 29. h4 Qa4 30. Qc3 Qd7 31. h5 Qe7 32. hxg6 hxg6 33. Bc2 Qf6 34. a4 Nd7 35. g3 Ne5 36. Kg2 Nc6 37. Rh1 Nxd4 38.
exd4 Re8 39. Qd2 Kg7 40. b5 axb5 41. axb5 Rh8 42. Rxh8 Kxh8 43. Qb4 Kg7 44. b6 Rxb6 45. Qc5 Rb2 46. Bd1 Rd2 47. Bf3 Qxd4 48. Qxd4+ Rxd4 0-1